 Dungeon Sprint DCSS version 0.22.1-1-ga44c0e56f4 (webtiles) character file.

14807 MuseOD the Phalangite (level 12, -8/178 HPs)
             Began as a Merfolk Berserker on Oct 5, 2018.
             Was an Elder of Trog.
             Mangled by a bone dragon (16 damage)
             ... in the Dungeon (Sprint II: "The Violet Keep of Menkaure").
             The game lasted 00:06:56 (1632 turns).

MuseOD the Phalangite (Merfolk Berserker)           Turns: 1632, Time: 00:06:57

Health: -8/178     AC:  2    Str: 28    XL:     12   Next: 20%
Magic:  12/12      EV: 21    Int:  9    God:    Trog [****..]
Gold:   1443       SH:  0    Dex: 13    Spells: 11/11 levels left

rFire    . . .     SeeInvis .   k - +10 halberd "Koann" {chop, rC+ Int+3}
rCold    + . .     Gourm    .   (shield currently unavailable)
rNeg     . . .     Faith    .   b - +0 animal skin
rPois    .         Spirit   .   (no helmet)
rElec    .         Reflect  .   (no cloak)
rCorr    .         Harm     .   (no gloves)
MR       .....     NoTele   +   (no boots)
Stlth    ..........             (no amulet)
HPRegen  0.39/turn              (no ring)
MPRegen  0.13/turn              (no ring)

@: berserking, very quick
A: change form in water, swift swim, stealthy swim
a: Berserk, Trog's Hand, Brothers in Arms, Renounce Religion


You were in the Dungeon.
You worshipped Trog.
Trog was greatly pleased with you.
You were not hungry.

You visited 1 branch You collected 1795 gold pieces.
You spent 352 gold pieces at shops.

Inventory:

Hand Weapons
 a - a +0 spear
 j - a +2 halberd of chopping
 k - the +10 halberd "Koann" (weapon) {chop, rC+ Int+3}
   (Trog gifted it to you in the Dungeon)

   It inflicts extra damage upon your enemies.
   It affects your intelligence (+3).
   It protects you from cold.
 m - a +2 antimagic glaive
Missiles
 n - 6 needles of frenzy
Armour
 b - a +0 animal skin (worn)
 q - a scarf of resistance
Scrolls
 i - a scroll of blinking
 p - a scroll of magic mapping {unknown}
Potions
 d - a potion of curing
 f - a potion of haste
 g - 2 potions of magic
 h - a potion of berserk rage
 l - 6 potions of flight {unknown}


   Skills:
 + Level 19.5 Fighting
 + Level 23.6 Polearms
 + Level 6.0 Armour
 + Level 14.1 Dodging
 + Level 8.6 Stealth


You had 11 spell levels left.
You didn't know any spells.
Your spell library was empty.

Dungeon Overview and Level Annotations

Branches:
Dungeon (1/1)

Altars:
Cheibriados
Dithmenos
Elyvilon
Fedhas
Gozag
Kikubaaqudgha
Makhleb
Nemelex Xobeh
Okawaru
Sif Muna
Trog
Uskayaw
Vehumet
Yredelemnul
Zin
Jiyva
Lugonu

Shops:
D }%:(*%[[!=((%?=[?![%


Message History

* * * LOW HITPOINT WARNING * * *
The bone dragon tramples you!
* * * LOW HITPOINT WARNING * * *
You stumble backwards!
You puncture the bone dragon!
The bone dragon is almost destroyed.
You puncture the frost giant!
The frost giant is moderately wounded.
The bone dragon misses you. The bone dragon claws you.
* * * LOW HITPOINT WARNING * * *
The bone dragon tramples you!!
* * * LOW HITPOINT WARNING * * *
You hold your ground!
You barely miss the bone dragon.
The bone dragon is almost destroyed.
The frost giant completely misses you.
You carve the frost giant like a ham!!!
The frost giant is severely wounded.
The bone dragon bites you!
You die...

∩.∩..#≈≈####.#)####..#####..##.
.∩.⌠.#≈##.#.#'#.#.##..#..'..#..
∩.∩..#≈#....#.##...#..#([#.^#).
∩...+≈ #)'.<.'...'..####..##.
#....#.#....#....###^..#
##.###'#...##......§≈≈(≈ ##
#.#2..##§≈..§..≈#+##
#..#CD.≈§§≈≈≈§..≈#_._
##.#@..≈≈§§≈≈§≈.≈#._.
##+#.≈≈≈§§≈≈≈≈≈≈#_._
≈≈≈≈§§§§≈≈≈≈≈#._.
+++#≈≈≈≈§≈≈≈§#_._
##≈≈≈###≈≈#._. #≈≈# §≈#


You could see a bone dragon, a frost giant and a cacodemon.

Vanquished Creatures
  A storm dragon (D)
  A great orb of eyes (D)
  A yaktaur captain (D)
  A deep elf high priest (D)
  An iron elemental (D)
  A merfolk siren (D)
  2 spiny frogs (D)
  A yaktaur (D)
  3 polar bears (D)
  2 tyrant leeches (D)
  A slime creature (D)
  A hornet (D)
  5 hippogriffs (D)
  2 redbacks (D)
  3 yaks (D)
  3 black bears (D)
  5 necrophages (D)
  A crocodile (D)
  An iron imp (D)
36 creatures vanquished.

Vanquished Creatures (collateral kills)
  A golden dragon (D)
  Kirke (D)
  A crystal guardian (D)
  A centaur warrior (D)
  A skeletal warrior (D)
  2 death drakes (D)
  An elephant (D)
  A kobold demonologist (D)
  2 slime creatures (D)
  2 swamp drakes (D)
13 creatures vanquished.

Vanquished Creatures (others)
  Menkaure (D)
  A crocodile (D)
2 creatures vanquished.

Grand Total: 51 creatures vanquished

Notes
Turn   | Place    | Note
-------+----------+-------------------------------------------
     0 | D        | MuseOD the Merfolk Berserker began the quest for the Orb.
     0 | D        | Reached XP level 1. HP: 18/18 MP: 1/1
     1 | D        | Noticed a necrophage
     1 | D        | Noticed a necrophage
     1 | D        | Noticed a necrophage
     1 | D        | Noticed a necrophage
     7 | D        | Killed a necrophage
     7 | D        | Reached skill level 8 in Polearms
     7 | D        | Reached XP level 2. HP: 29/29 MP: 2/2
     7 | D        | Reached XP level 3. HP: 35/35 MP: 3/3
     7 | D        | Reached XP level 4. HP: 41/41 MP: 4/4
    10 | D        | Killed a necrophage
    10 | D        | Reached skill level 10 in Polearms
    10 | D        | Reached skill level 5 in Dodging
    10 | D        | Reached XP level 5. HP: 49/49 MP: 5/5
    15 | D        | Killed a necrophage
    15 | D        | Reached ** piety under Trog
    15 | D        | Reached skill level 11 in Polearms
    15 | D        | Reached XP level 6. HP: 58/58 MP: 6/6
    18 | D        | Killed a necrophage
    18 | D        | Reached skill level 12 in Polearms
    25 | D        | Killed Menkaure
    77 | D        | Noticed a hippogriff
    77 | D        | Noticed a hippogriff
    86 | D        | Killed a hippogriff
    86 | D        | Reached skill level 10 in Fighting
    86 | D        | Reached skill level 13 in Polearms
    86 | D        | Reached XP level 7. HP: 67/67 MP: 7/7
    91 | D        | Killed a hippogriff
    91 | D        | Reached skill level 14 in Polearms
   187 | D        | Noticed a tyrant leech
   187 | D        | Noticed a tyrant leech
   209 | D        | Killed a tyrant leech
   209 | D        | Reached *** piety under Trog
   209 | D        | Reached skill level 15 in Polearms
   209 | D        | Reached XP level 8. HP: 21/76 MP: 8/8
   366 | D        | Noticed a merfolk siren
   375 | D        | Killed a merfolk siren
   521 | D        | Found an iron altar of Okawaru.
   521 | D        | Found a radiant altar of Vehumet.
   521 | D        | Found a glowing silver altar of Zin.
   522 | D        | Found a sparkling altar of Nemelex Xobeh.
   522 | D        | Found a hide-covered altar of Uskayaw.
   523 | D        | Found an opulent altar of Gozag.
   523 | D        | Found a burning altar of Makhleb.
   523 | D        | Found a bloodstained altar of Trog.
   524 | D        | Found a blossoming altar of Fedhas.
   524 | D        | Found a corrupted altar of Lugonu.
   524 | D        | Found a basalt altar of Yredelemnul.
   524 | D        | Found a deep blue altar of Sif Muna.
   525 | D        | Found a white marble altar of Elyvilon.
   525 | D        | Found an ancient bone altar of Kikubaaqudgha.
   526 | D        | Found a shadowy altar of Dithmenos.
   526 | D        | Found a viscous altar of Jiyva.
   527 | D        | Found a snail-covered altar of Cheibriados.
   530 | D        | Noticed a yaktaur
   530 | D        | Noticed a hornet
   530 | D        | Noticed a polar bear
   531 | D        | Noticed a polar bear
   536 | D        | Killed a polar bear
   536 | D        | Reached skill level 16 in Polearms
   542 | D        | Killed a polar bear
   542 | D        | Reached **** piety under Trog
   543 | D        | Noticed a polar bear
   549 | D        | Killed a hornet
   549 | D        | Reached skill level 17 in Polearms
   549 | D        | Reached skill level 1 in Stealth
   549 | D        | Reached XP level 9. HP: 85/85 MP: 9/9
   552 | D        | Killed a polar bear
   552 | D        | Reached skill level 5 in Armour
   559 | D        | Killed a yaktaur
   606 | D        | Reached ***** piety under Trog
   606 | D        | Reached skill level 10 in Dodging
   610 | D        | Reached skill level 18 in Polearms
   664 | D        | Noticed a deep elf master archer
   822 | D        | Received a gift from Trog
   880 | D        | Noticed a death drake
   882 | D        | Killed a death drake
   884 | D        | Reached skill level 15 in Fighting
   884 | D        | Reached XP level 10. HP: 96/96 MP: 10/10
   885 | D        | Noticed a crystal guardian
   888 | D        | Killed a crystal guardian
   888 | D        | Reached skill level 19 in Polearms
   891 | D        | Noticed a death drake
   893 | D        | Killed a death drake
   989 | D        | Noticed a great orb of eyes
   994 | D        | Killed a great orb of eyes
  1092 | D        | Reached skill level 20 in Polearms
  1268 | D        | Noticed an orange crystal statue
  1273 | D        | Noticed Kirke
  1273 | D        | Noticed a skeletal warrior
  1273 | D        | Noticed a yaktaur captain
  1274 | D        | Noticed a centaur warrior
  1275 | D        | Found Nigrol's Antique Armour Boutique.
  1275 | D        | Found Hemoi's Food Shop.
  1275 | D        | Noticed an elephant
  1277 | D        | Noticed a manticore
  1279 | D        | Noticed a kobold demonologist
  1281 | D        | Found Orefoal's Magic Scroll Shop.
  1281 | D        | Found Fiogg's Jewellery Boutique.
  1285 | D        | Noticed a manticore
  1285 | D        | Killed a yaktaur captain
  1286 | D        | Found Zorim's Distillery.
  1286 | D        | Found Kyxkesel's Jewellery Shop.
  1286 | D        | Found Ned Wueb's Weapon Boutique.
  1288 | D        | Killed a centaur warrior
  1288 | D        | Received a gift from Trog
  1293 | D        | Killed Kirke
  1293 | D        | Reached skill level 21 in Polearms
  1293 | D        | Reached XP level 11. HP: 107/107 MP: 11/11
  1302 | D        | Killed a skeletal warrior
  1308 | D        | Received a gift from Trog
  1337 | D        | Reached ****** piety under Trog
  1345 | D        | Received a gift from Trog
  1346 | D        | Got a crystal halberd {god gift}
  1351 | D        | Identified the +10 halberd "Koann" {chop, rC+ Int+3} (Trog
                  | gifted it to you in the Dungeon)
  1354 | D        | Noticed an iron elemental
  1363 | D        | Reached skill level 5 in Stealth
  1365 | D        | Reached skill level 22 in Polearms
  1370 | D        | Killed an iron elemental
  1413 | D        | Found Utamaoj's Gadget Emporium.
  1413 | D        | Found Jahir's Book Shop.
  1413 | D        | Found Waeruni's Food Shop.
  1413 | D        | Found Pioc's Weapon Shoppe.
  1413 | D        | Found Torutisu's Food Boutique.
  1414 | D        | Found Imequrghi's Assorted Antiques.
  1414 | D        | Found Cihum's Armour Boutique.
  1414 | D        | Found Mesheis's Antique Weapon Emporium.
  1414 | D        | Found Big Lant's Magic Scroll Shop.
  1414 | D        | Found Neegosib's Antique Armour Emporium.
  1414 | D        | Found Odanamar's Food Shop.
  1414 | D        | Found Vaymuaxt's Distillery.
  1419 | D        | Bought a scarf of resistance for 352 gold pieces
  1576 | D        | Noticed a cacodemon
  1576 | D        | Noticed a storm dragon
  1576 | D        | Noticed a golden dragon
  1580 | D        | Noticed a frost giant
  1581 | D        | Noticed a deep elf high priest
  1581 | D        | Noticed a bone dragon
  1585 | D        | Killed a golden dragon
  1585 | D        | Reached skill level 23 in Polearms
  1594 | D        | Killed a storm dragon
  1594 | D        | Reached XP level 12. HP: 119/119 MP: 12/12
  1600 | D        | Found Otoocoex's Antique Armour Shop.
  1616 | D        | Killed a deep elf high priest
  1630 | D        | HP: 8/178 [bone dragon (18)]
  1632 | D        | Mangled by a bone dragon

Skill      XL: |  1  2  3  4  5  6  7  8  9 10 11 |
---------------+----------------------------------+-----
Fighting       | 6 8 9 10 11 13 15 17 19 | 19.5
Polearms       | 8 10 11 13 15 17 18 21 23 | 23.6
Armour         | 2 3 4 5 6 |  6.0
Dodging        | 4 5 7 8 9 10 12 14 | 14.1
Stealth        | 1 3 8 |  8.6

Action                   |  1- 3 |  4- 6 |  7- 9 | 10-12 || total
-------------------------+-------+-------+-------+-------++-------
Melee: Spear             |     5 |    19 |    85 |       ||   109
       Halberd           |       |       |       |    76 ||    76
Invok: Berserk           |     1 |     1 |     5 |     5 ||    12
       Trog's Hand       |       |       |     1 |       ||     1
       Brothers in Arms  |       |       |     1 |     7 ||     8
  Use: Potion            |       |       |       |     1 ||     1
 Stab: Sleeping          |       |       |       |     4 ||     4
  Eat: Chunk             |       |       |     7 |     7 ||    14
       Ration            |       |       |       |     1 ||     1
Armor: Animal skin       |     1 |     1 |     1 |       ||     3
Dodge: Dodged            |       |     4 |    13 |    18 ||    35
